 Dungeon Crawl Stone Soup version 0.19-a0-1254-gb9c29c0 (webtiles) character file.

18146 st0uf the Thaumaturge (level 12, -1/69 HPs)
             Began as a Gargoyle Earth Elementalist on Aug 27, 2016.
             Was an Elder of Vehumet.
             Engulfed by a cloud of freezing vapour (8 damage)
             ... in an ice cave.
             The game lasted 01:37:27 (16087 turns).

st0uf the Thaumaturge (GrEE)                       Turns: 16087, Time: 01:37:28

Health: -1/69      AC: 17    Str: 13    XL:     12   Next: 55%
Magic:  15/25      EV: 14    Int: 22    God:    Vehumet [****..]
Gold:   971        SH:  5    Dex: 13    Spells: 7 memorised, 6 levels left

rFire  + . .     SeeInvis +     b - 128 stones
rCold  . . .     Gourm    .     B - +1 robe of Relativism {*Drain rF+ Int+2 Dex+3}
rNeg   + . .     Faith    .     w - +0 buckler
rPois  ∞         Spirit   .     R - +1 hat {SInv}
rElec  +         Dismiss  .     (no cloak)
rCorr  +         Reflect  .     C - +2 pair of gloves
MR     .....     Harm     .     f - +0 pair of boots
Stlth  ++........               (no amulet)
                                Y - ring of resist corrosion
                                I - ring of wizardry

@: no status effects
A: negative energy resistance 1, electricity resistance, unbreathing,
petrification resistance, rot immunity, AC +8
a: Renounce Religion


You were in an ice cave.
You worshipped Vehumet.
Vehumet was greatly pleased with you.
You were not hungry.

You visited 3 branches of the dungeon, and saw 14 of its levels.
You also visited: Ossuary and Ice Cave.

You collected 971 gold pieces.

Inventory:

Hand Weapons
 t - a +0 lajatang
Missiles
 b - 128 stones (in hand)
Armour
 f - a +0 pair of boots (worn)
 w - a +0 buckler (worn)
 B - the +1 robe of Relativism (worn) {*Drain rF+ Int+2 Dex+3}
   (You took it off a gnoll on level 4 of the Dungeon)

   It affects your intelligence (+2).
   It affects your dexterity (+3).
   It protects you from fire.
   It causes draining when unequipped.
 C - a +2 pair of gloves (worn)
 R - a +1 hat of see invisible (worn)
Magical Staves
 o - an uncursed staff of death
 v - an uncursed staff of wizardry
Jewellery
 I - a ring of wizardry (left hand)
 Y - a ring of resist corrosion (right hand)
Wands
 m - a wand of iceblast (9/15)
 u - a wand of teleportation (5/9)
 D - a wand of lightning (6/15)
 P - a wand of disintegration (15/24)
Scrolls
 a - 3 scrolls of recharging {unknown}
 c - 2 scrolls of holy word {unknown}
 h - 6 scrolls of teleportation
 l - 4 scrolls of remove curse
 p - 2 scrolls of identify
 s - a scroll of magic mapping
 x - 4 scrolls of immolation
 y - 2 scrolls of blinking {unknown}
 A - a scroll of amnesia {unknown}
 F - 3 scrolls of enchant weapon
 Q - a scroll of summoning {unknown}
 T - a scroll of random uselessness {unknown}
 V - a scroll of vulnerability {unknown}
 X - 2 scrolls of fog
Potions
 g - a potion of invisibility
 i - 7 potions of curing
 j - 3 potions of ambrosia
 n - a potion of lignification
 q - 6 potions of flight
 r - 2 potions of agility
 z - 2 potions of cure mutation
 E - 3 potions of heal wounds
 G - a potion of brilliance
 H - 2 potions of haste
 L - a potion of cancellation
Books
 e - a book of Geomancy

   Spells                             Type                      Level
   a - Sandblast                      Earth                        1
   b - Passwall                       Transmutation/Earth          2
   c - Stone Arrow                    Conjuration/Earth            3
   d - Petrify                        Transmutation/Earth          4
   e - Lee's Rapid Deconstruction     Earth                        5
Comestibles
 d - 9 bread rations
 k - a meat ration
 J - 6 chunks of flesh


   Skills:
 + Level 5.7 Fighting
 + Level 5.3 Staves
 + Level 6.2 Armour
 + Level 4.3 Dodging
 - Level 2.1 Stealth
 + Level 6.7 Shields
 * Level 9.9 Spellcasting
 + Level 7.6 Conjurations
 + Level 1.5 Charms
   Level 0.7 Transmutations
 + Level 3.8 Fire Magic
 + Level 9.2 Earth Magic
 + Level 4.9 Evocations


You had 6 spell levels left.
You knew the following spells:

 Your Spells              Type           Power        Failure   Level  Hunger
a - Sandblast             Erth           ######       1%          1    None
b - Stone Arrow           Conj/Erth      #####.       1%          3    None
c - Lee's Rapid Deconstr  Erth           ######....   1%          5    ####...
d - Throw Flame           Conj/Fire      #####.       1%          2    None
e - Iskenderun's Mystic   Conj           #####...     1%          4    ##.....
f - Iskenderun's Battles  Conj/Chrm      ####....     3%          5    ####...
g - Sticky Flame          Conj/Fire      #####...     1%          4    ##.....


Dungeon Overview and Level Annotations

Branches:
Dungeon (9/15)             Temple (1/1) D:4            Lair (4/6) D:9
 Shoals (0/4) Lair:3       Spider (0/4) Lair:2          Orc (0/2) D:9

Altars:
Ashenzari
Cheibriados
Dithmenos
Elyvilon
Fedhas
Gozag
Hepliaklqana
Kikubaaqudgha
Makhleb
Nemelex Xobeh
Okawaru
Qazlal
Ru
Sif Muna
Trog
Uskayaw
Vehumet
Xom
Yredelemnul
Zin
The Shining One
Jiyva

Shops:
D:7 (

Annotations:
D:6 1 runed door


Innate Abilities, Weirdness & Mutations

You are resistant to torment.
Your stone body is resilient. (AC +8)
You are immune to poison.
You resist negative energy. (rN+)
You are resistant to electric shocks. (rElec)
You can survive without breathing.
You are immune to petrification.
You are immune to rotting.


Message History

Press: ? - help, Shift-Dir - straight line, f/p - polar bear
Aim: a polar bear (almost dead, berserk, fast, unusually strong)
The rocky blast hits the polar bear.
The polar bear is almost dead.
The polar bear bites you!!
* * * LOW HITPOINT WARNING * * *
The polar bear claws you but does no damage.
The polar bear barely misses you.
The polar bear bites you but does no damage.
You block the polar bear's attack. The polar bear barely misses you.
Casting: Sandblast
Confirm with . or Enter, or press ? or * to list all spells.
Aiming: Stone Arrow
Press: ? - help, Shift-Dir - straight line, f/p - polar bear
Aim: a polar bear (almost dead, berserk, fast, unusually strong)
The stone arrow hits the polar bear.
You kill the polar bear!
Vehumet accepts your kill.
You are engulfed in freezing vapours.
You die...

## ##. #..
#..## #...#
#..##
#####†§##
##.##@#..##
#.#..#§§§§#
##.#.##§§##
#.#.##.§##
#####..##
##.## ##..#
#...##
##...#


There were no monsters in sight!

Vanquished Creatures
  Gastronok (D:9)
  Harold (Lair:2)
  A hydra (Lair:2)
  A catoblepas (Lair:3)
  Pikel (D:7)
  An orb spider (Lair:2)
  2 sirens (Lair:3)
  10 spiny frogs
  A rime drake (Lair:2)
  2 merfolk (Lair:3)
  2 polar bears (IceCv)
  Grinder (D:3)
  A wyvern (D:8)
  5 basilisks
  2 yaks (IceCv)
  4 hippogriffs
  The ghost of PeterMcNeter the Twirler, an amateur DsGl (D:5)
  A hungry ghost (D:9)
  3 water moccasins
  A sky beast (D:7)
  2 slaves (D:7)
  2 orc warriors (D:9)
  8 porcupines
  2 phantoms
  4 ogres
  5 wolves (Lair:2)
  A centaur (D:8)
  11 crocodiles
  Blork the orc (D:5)
  9 giant frogs
  A big kobold (D:9)
  A gnoll sergeant (D:3)
  6 scorpions
  6 killer bees
  3 howler monkeys (D:7)
  3 crimson imps
  A giant frog zombie (D:5)
  3 hounds
  2 centaur zombies
  A jelly (D:7)
  9 orc priests
  A centaur skeleton (D:8)
  3 human zombies (Ossuary)
  6 gnoll shamans (D:3)
  4 orc wizards
  A giant frog skeleton (D:5)
  15 iguanas
  12 worker ants
  A big kobold zombie (Ossuary)
  3 mummies (Ossuary)
  A hound zombie (Ossuary)
  A hound skeleton (D:9)
  31 gnolls
  8 adders
  A shadow imp (D:7)
  12 white imps (Lair:4)
  An ooze (D:1)
  An adder skeleton (D:4)
  2 adder zombies (Ossuary)
  5 dart slugs
  A giant gecko (D:6)
  48 orcs
  A ball python (D:3)
  6 giant cockroaches
  5 goblins
  8 hobgoblins
  19 jackals
  9 bats
  A giant cockroach zombie (D:6)
  2 giant newts
  5 goblin zombies (Ossuary)
  7 hobgoblin zombies (Ossuary)
  8 jackal zombies (Ossuary)
  20 kobolds
  A kobold zombie (Ossuary)
  3 orc zombies (Ossuary)
  A quokka skeleton (D:9)
  2 quokka zombies (Ossuary)
  12 rats
  2 rat zombies (Ossuary)
393 creatures vanquished.

Vanquished Creatures (others)
  A slave (D:7)
  2 wolves (IceCv)
  3 plants
6 creatures vanquished.

Grand Total: 399 creatures vanquished

Notes
Turn   | Place    | Note
-------+----------+-------------------------------------------
     0 | D:1      | st0uf the Gargoyle Earth Elementalist began the quest for the Orb.
     0 | D:1      | Reached XP level 1. HP: 10/10 MP: 3/3
   382 | D:1      | Reached XP level 2. HP: 15/15 MP: 0/5
   965 | D:1      | Reached XP level 3. HP: 19/19 MP: 4/7
  1545 | D:2      | Found a sacrificial altar of Ru.
  1810 | D:2      | Reached XP level 4. HP: 24/24 MP: 0/8
  1876 | D:2      | Learned a level 3 spell: Stone Arrow
  2136 | D:3      | Noticed Grinder
  2175 | D:3      | Killed Grinder
  2175 | D:3      | Reached skill level 5 in Earth Magic
  2175 | D:3      | Reached XP level 5. HP: 22/28 MP: 0/11
  2175 | D:3      | Reached XP level 6. HP: 25/32 MP: 0/12
  3290 | D:3      | Reached skill level 5 in Spellcasting
  3334 | D:3      | Reached XP level 7. HP: 36/36 MP: 7/14
  4553 | D:3      | Reached XP level 8. HP: 41/41 MP: 2/17
  5571 | D:4      | Got a distressingly furry robe
  5588 | D:4      | Identified the cursed +1 robe of Relativism {*Drain rF+ Int+2 Dex+3} (You took it off a gnoll on level 4 of the Dungeon)
  5594 | D:4      | Found a staircase to the Ecumenical Temple.
  5608 | Temple   | Entered the Ecumenical Temple
  6166 | D:4      | Found a sparkling altar of Nemelex Xobeh.
  6198 | D:4      | Reached skill level 1 in Shields
  6266 | D:5      | Entered Level 5 of the Dungeon
  6465 | D:5      | Noticed Blork the orc
  6571 | D:5      | Killed Blork the orc
  6571 | D:5      | Reached skill level 1 in Evocations
  6585 | D:5      | Noticed PeterMcNeter's ghost (amateur DsGl)
  6939 | D:5      | Reached skill level 1 in Staves
  7039 | D:5      | Killed PeterMcNeter's ghost
  7039 | D:5      | Reached skill level 1 in Fighting
  7039 | D:5      | Reached skill level 1 in Armour
  7602 | D:6      | Found a shattered altar of Ashenzari.
  7667 | D:6      | Learned a level 5 spell: Lee's Rapid Deconstruction
  7685 | D:6      | Reached skill level 5 in Conjurations
  7685 | D:6      | Reached XP level 9. HP: 47/47 MP: 9/19
  7790 | D:6      | Found a runed door.
  7813 | D:6      | Found a runed door.
  8266 | D:6      | Found a snail-covered altar of Cheibriados.
  8772 | D:7      | Found Pipnu's Weapon Boutique.
  8968 | D:7      | Found a sand-covered staircase.
  8975 | Ossuary  | Entered an ossuary
  9849 | D:7      | Found a deep blue altar of Sif Muna.
  9849 | D:7      | Found a radiant altar of Vehumet.
  9850 | D:7      | Found a shimmering altar of Xom.
  9853 | D:7      | Noticed Pikel
  9862 | D:7      | Killed Pikel
  9871 | D:7      | Became a worshipper of Vehumet
 10000 | D:7      | Reached XP level 10. HP: 44/55 MP: 21/21
 11149 | D:8      | Reached * piety under Vehumet
 11149 | D:8      | Offered knowledge of Sting by Vehumet.
 11864 | D:9      | Found a staircase to the Lair.
 12323 | D:9      | Reached ** piety under Vehumet
 12323 | D:9      | Offered knowledge of Throw Flame by Vehumet.
 12629 | D:9      | Reached skill level 5 in Shields
 12630 | D:9      | Found a staircase to the Orcish Mines.
 12815 | D:9      | Learned a level 2 spell: Throw Flame
 12845 | D:9      | Noticed Gastronok
 12890 | D:9      | Killed Gastronok
 12890 | D:9      | Reached skill level 5 in Armour
 12890 | D:9      | Reached skill level 1 in Fire Magic
 12890 | D:9      | Reached XP level 11. HP: 33/62 MP: 0/23
 13202 | D:9      | Found a hazy altar of Hepliaklqana.
 13287 | D:9      | Found a stormy altar of Qazlal.
 13287 | D:9      | Found a glowing golden altar of the Shining One.
 13364 | Lair:1   | Entered Level 1 of the Lair of Beasts
 13680 | Lair:1   | Reached skill level 5 in Fighting
 13700 | Lair:1   | Offered knowledge of Dazzling Spray by Vehumet.
 14177 | Lair:2   | Reached *** piety under Vehumet
 14268 | Lair:2   | Noticed a four-headed hydra
 14272 | Lair:2   | Killed a four-headed hydra
 14576 | Lair:2   | Noticed Harold
 14581 | Lair:2   | Killed Harold
 14621 | Lair:2   | Found a hole to the Spider Nest.
 14621 | Lair:2   | Noticed an orb spider
 14626 | Lair:2   | Killed an orb spider
 14878 | Lair:2   | Learned a level 4 spell: Iskenderun's Mystic Blast
 14884 | Lair:2   | Learned a level 5 spell: Iskenderun's Battlesphere
 15041 | Lair:3   | Found a staircase to the Shoals.
 15051 | Lair:3   | Reached XP level 12. HP: 68/68 MP: 22/25
 15129 | Lair:3   | Offered knowledge of Sticky Flame by Vehumet.
 15135 | Lair:3   | Learned a level 4 spell: Sticky Flame
 15258 | Lair:3   | Reached skill level 1 in Charms
 15365 | Lair:3   | Reached skill level 5 in Staves
 15432 | Lair:3   | Noticed a catoblepas
 15448 | Lair:3   | Killed a catoblepas
 15968 | Lair:4   | Reached **** piety under Vehumet
 15970 | Lair:4   | Found a frozen archway.
 15979 | IceCv    | Entered an ice cave
 16087 | IceCv    | Engulfed by a cloud of freezing vapour

Vault maps used:
D:1:      dpeg_arrival_simpleton_b
D:2:      nicolae_ru_path_of_blood, minmay_misc_feat_alley
D:3:      lemuel_castle_with_subvaults, serial_park_tiny_pond,
          hangedman_feature_mirror, uniq_grinder
D:4:      minmay_opposing_rooms, kennysheep_mini_moat
D:5:      first_bread, uniq_blork_the_orc
D:6:      lemuel_insect_pit, lemuel_crystal_altar, cheibrodos_ashenzari_chains
D:7:      nicolae_overflow_hidden_temple, serial_shops, shop,
          chequers_ossuary_entry_cave, uniq_pikel
D:9:      overflow_temple_1_default, amethyst_overflow_temple_binary,
          minmay_lair_entry_grove, hiddenorc2_lemuel, uniq_gastronok
Temple:   pf_slimified_temple
Lair:2:   nicolae_spider_entry_orb_guardian, serial_bayou_shore_b, uniq_harold
Lair:3:   elwin_shoals_entry_stream, beast_lair_carwin_10
Lair:4:   portal_ice_cave_entry_imps, serial_bayou_shore_b, serial_bayou_shore_b
Ossuary:  minmay_ossuary_two_tombs
IceCv:    ice_cave_caverns_02

Skill      XL: |  1  2  3  4  5  6  7  8  9 10 11 12 |
---------------+-------------------------------------+-----
Earth Magic    | 4 5 6 7 8 9 |  9.2
Spellcasting   | 3 4 5 6 7 8 9 |  9.9
Conjurations   | 2 3 5 6 7 |  7.6
Shields        | 2 4 5 6 |  6.7
Evocations     | 1 2 3 4 |  4.9
Staves         | 1 2 4 5 |  5.3
Fighting       | 1 2 4 5 |  5.7
Armour         | 1 3 5 6 |  6.2
Dodging        | 2 3 4 |  4.3
Fire Magic     | 1 2 3 |  3.8
Charms         | 1 |  1.5
Stealth        | |  2.1
Transmutations | |  0.7

Action                   |  1- 3 |  4- 6 |  7- 9 | 10-12 || total
-------------------------+-------+-------+-------+-------++-------
Melee: Unarmed           |     1 |     2 |       |       ||     3
       Staff             |       |       |   293 |   134 ||   427
 Cast: Sandblast         |    88 |    94 |    52 |   249 ||   483
       Stone Arrow       |       |     4 |   182 |   111 ||   297
       Lee's Rapid Decon |       |       |     2 |     6 ||     8
  Use: Scroll            |       |       |     5 |    15 ||    20
 Stab: Sleeping          |       |       |     3 |     1 ||     4
  Eat: Chunk             |     3 |     5 |    23 |    20 ||    51
       Royal jelly       |       |       |     1 |       ||     1
       Pizza             |       |       |     1 |       ||     1
Armor: Robe              |    16 |    16 |   133 |   126 ||   291
Dodge: Dodged            |    43 |    24 |   191 |   188 ||   446
Block: Buckler           |       |       |       |    23 ||    23
